Thunder vs Saguenéens (R1)

Created - 28 octobre 2012 at 22:12

Simulating a Pre-Season

Goals
1 2 3 T
Thunder 0 1 1 2
Saguenéens 1 2 2 5
Shots
1 2 3 T
Thunder 6 8 21 35
Saguenéens 13 9 13 35

1st period

1. Saguenéens , Guillaume Desbiens 1 (Andrew Kozek, Henrik Tallinder) at 17:19

Penalties :
Wayne Simmonds (Chi) for Roughing (Minor) at 0:23, Pat Dwyer (TRO) for Hooking (Minor) at 4:40, Brad Chartrand (Chi) for Hooking (Minor) at 10:55

2nd period

2. Saguenéens , Brad Chartrand 1 (Nikolai Kulemin, Matt Niskanen) at 2:42 (PP)
3. Saguenéens , Michal Grosek 1 (Mike Van Ryn) at 7:17
4. Thunder , Peter Regin 1 (Doug Janik, Adam Munro) at 18:11

Penalties :
Pierre-Alexandre Parenteau (TRO) for Hooking (Minor) at 1:23, Nicolas Blanchard (Chi) for Interference (Minor) at 9:03, Kyle Brodziak (Chi) for High sticking (Minor) at 12:56

3rd period

5. Saguenéens , Brad Chartrand 2 (Andrew MacDonald, Henrik Tallinder) at 1:33 (PP)
6. Thunder , Samuel Pahlsson 1 (Doug Janik) at 2:49
7. Saguenéens , Dean McAmmond 1 (Nikolai Kulemin) at 16:11

Penalties :
Scott Parse (TRO) for Elbowing (Minor) at 0:23, Kyle Brodziak (Chi) for Hooking (Minor) at 10:36, Andrew MacDonald (Chi) for Roughing (Minor) at 13:01, Dean McAmmond (Chi) for High sticking (Minor) at 13:14, Ivan Novoseltsev (TRO) for Tripping (Minor) at 13:14, Alexei Semenov (TRO) for Hooking (Minor) at 19:01, Matt Niskanen (Chi) for Roughing (Minor) at 19:27

Goalie Stats

Adam Munro (TRO), 30 saves from 35 shots - (0,857), L, 0-1-0, 60:00 minutes
Thomas Greiss (Chi), 33 saves from 35 shots - (0,943), W, 1-0-0, 60:00 minutes

Players Stats for Thunder

Player Name              G  A  P  +/- PIM S  H  SB GA TA FO     MP     PP MP  PK MP  
------------------------------------------------------------------------------------
Adam Hall                0  0  0   2  0   3  1  1  1  0  1/1    17:20   4:33   1:27 
Alexei Semenov           0  0  0   0  2   1  2  2  0  2  0/0    29:09   6:04   2:47 
Colton Gillies           0  0  0  -1  0   0  3  0  0  0  0/0     6:15   0:00   0:00 
Daniel Winnik            0  0  0  -2  0   1  0  0  0  1  0/0    11:55   0:00   0:16 
Dany Roussin             0  0  0   0  0   1  1  0  0  0  1/2    19:50   5:21   0:16 
Derek Peltier            0  0  0  -1  0   4  1  1  0  0  0/0    20:09   4:04   1:41 
Doug Janik               0  2  2   0  0   1  0  2  2  1  0/0    30:08   6:04   3:13 
Ivan Novoseltsev         0  0  0  -1  2   7  2  0  2  0  1/4    22:41   5:34   1:27 
Joey Ryan                0  0  0   0  0   0  0  1  0  0  0/0    10:15   0:00   0:00 
Kevin Montgomery         0  0  0   0  0   1  0  1  0  0  0/0    10:09   0:00   0:26 
Mike Weber               0  0  0  -1  0   2  2  2  0  1  0/0    20:09   4:04   1:41 
Pat Dwyer                0  0  0  -1  2   1  0  1  1  0  0/0     6:43   0:00   0:00 
Peter Regin              1  0  1   0  0   6  3  0  0  1  16/34  24:16   5:21   3:11 
Pierre-Alexandre Parente 0  0  0  -2  2   0  3  0  0  0  0/0    11:43   0:14   0:00 
Samuel Pahlsson          1  0  1   2  0   4  0  0  1  0  8/14   19:39   4:33   3:11 
Scott Parse              0  0  0   2  2   1  3  0  0  0  0/0    14:56   4:33   0:00 
T.J. Oshie               0  0  0  -1  0   1  1  1  1  0  2/6    10:58   0:14   0:00 
Tom Pyatt                0  0  0  -1  0   1  1  0  0  1  2/5     6:15   0:00   0:00 

Players Stats for Saguenéens

Player Name              G  A  P  +/- PIM S  H  SB GA TA FO     MP     PP MP  PK MP  
------------------------------------------------------------------------------------
Andrew Kozek             0  1  1   1  0   1  0  0  0  0  0/0     8:14   0:00   1:07 
Andrew MacDonald         0  1  1   1  2   1  1  1  0  2  0/0    16:29   1:06   0:00 
Brad Chartrand           2  0  2  -1  2   6  2  0  1  0  1/1    17:42   2:47   0:00 
Brendan Witt             0  0  0   1  0   1  1  1  0  0  0/0    17:39   0:00   6:50 
Darren Helm              0  0  0   0  0   0  2  0  0  0  17/33  20:37   2:47   1:17 
Dean McAmmond            1  0  1   1  2   4  3  0  1  0  6/12   13:56   0:00   5:28 
Dustin Kohn              0  0  0   1  0   0  1  1  0  1  0/0     8:24   0:00   0:00 
Dwight King              0  0  0   0  0   0  1  0  0  0  0/0     7:30   0:00   0:00 
Guillaume Desbiens       1  0  1   1  0   4  0  0  1  0  0/0     7:05   0:00   0:00 
Henrik Tallinder         0  2  2   0  0   1  1  1  0  1  0/0    20:01   1:06   5:04 
Kyle Brodziak            0  0  0   0  4   3  6  0  1  2  10/16  16:13   2:07   2:02 
Lauri Tukonen            0  0  0   0  0   1  1  0  0  0  0/0    10:40   0:00   3:08 
Matt Niskanen            0  1  1  -1  2   6  1  2  2  2  0/0    30:06   3:47   6:50 
Michal Grosek            1  0  1   0  0   1  3  0  0  0  0/3    14:51   2:07   0:54 
Mike Van Ryn             0  1  1   0  0   0  5  1  0  0  0/0    27:20   3:48   5:04 
Nicolas Blanchard        0  0  0   1  2   1  0  1  0  0  0/0     7:06   0:00   0:00 
Nikolai Kulemin          0  2  2   0  0   4  6  0  1  0  0/0    24:51   2:47   5:34 
Wayne Simmonds           0  0  0   0  2   1  1  1  0  0  1/1    16:43   2:07   2:31 

3 Stars

1 - Nikolai Kulemin (Chi)
2 - Brad Chartrand (Chi)
3 - Samuel Pahlsson (TRO)

Power Play

Thunder - 0 on 7 Attempt(s) - 0,00%
Saguenéens - 2 on 4 Attempt(s) - 50,00%

Penalty Kill

Thunder - 2 on 4 Attempt(s) - 50,00% - Score 0 goal in Penalty Kill
Saguenéens - 7 on 7 Attempt(s) - 100,00% - Score 0 goal in Penalty Kill

Official

Referees : Unknown
Linesman : Unknown

Game Notes

No Game Note

Thunder

5 vs 5 Forward 
   Center                   Left Wing                Right Wing               Time % Phy DF OF 
 1 Peter Regin              Dany Roussin             Ivan Novoseltsev         40     1   2  2  
 2 Samuel Pahlsson          Scott Parse              Adam Hall                30     1   2  2  
 3 T.J. Oshie               Daniel Winnik            Pierre-Alexandre Parentea20     1   2  2  
 4 Tom Pyatt                Colton Gillies           Pat Dwyer                10     1   2  2  

5 vs 5 Defense 
   Defense                  Defense                                           Time % Phy DF OF 
 1 Alexei Semenov           Doug Janik                                        40     1   2  2  
 2 Mike Weber               Derek Peltier                                     30     1   2  2  
 3 Joey Ryan                Kevin Montgomery                                  20     1   2  2  
 4 Alexei Semenov           Doug Janik                                        10     1   2  2  

PowerPlay Forward 
   Center                   Left Wing                Right Wing               Time % Phy DF OF 
 1 Peter Regin              Dany Roussin             Ivan Novoseltsev         60     1   2  2  
 2 Samuel Pahlsson          Scott Parse              Adam Hall                40     1   2  2  

PowerPlay Defense
   Defense                  Defense                                           Time % Phy DF OF 
 1 Alexei Semenov           Doug Janik                                        60     1   2  2  
 2 Mike Weber               Derek Peltier                                     40     1   2  2  

Penalty Kill 4 Players Forward 
   Center                   Wing                     Time % Phy DF OF 
 1 Peter Regin              Samuel Pahlsson          60     1   2  2  
 2 Ivan Novoseltsev         Adam Hall                40     1   2  2  

Penalty Kill 4 Players Defense
   Defense                  Defense                  Time % Phy DF OF 
 1 Alexei Semenov           Doug Janik               60     1   2  2  
 2 Mike Weber               Derek Peltier            40     1   2  2  

Penalty Kill - 3 Players Forward 
   Forward                                           Time % Phy DF OF 
 1 Peter Regin                                       60     1   2  2  
 2 Samuel Pahlsson                                   40     1   2  2  

Penalty Kill - 3 Players Defense
   Defense                  Defense                  Time % Phy DF OF 
 1 Alexei Semenov           Doug Janik               60     1   2  2  
 2 Mike Weber               Derek Peltier            40     1   2  2  

4 vs 4 Forward 
   Center                   Wing                     Time % Phy DF OF 
 1 Peter Regin              Samuel Pahlsson          60     1   2  2  
 2 Ivan Novoseltsev         Adam Hall                40     1   2  2  

4 vs 4 Defense
   Defense                  Defense                  Time % Phy DF OF 
 1 Alexei Semenov           Doug Janik               60     1   2  2  
 2 Mike Weber               Derek Peltier            40     1   2  2  

Last Minutes Offensive
   Center                   Left Wing                Right Wing               Defense                  Defense                  
   Peter Regin              Dany Roussin             Ivan Novoseltsev         Alexei Semenov           Doug Janik               

Last Minutes Defensive
   Center                   Left Wing                Right Wing               Defense                  Defense                  
   Peter Regin              Dany Roussin             Ivan Novoseltsev         Alexei Semenov           Doug Janik               

Goaltenders
Starting : Adam Munro               
Backup : Tomas Vokoun             

Extra Forwards
Normal : T.J. Oshie, Pierre-Alexandre Parenteau, Daniel Winnik - PP : T.J. Oshie, Pierre-Alexandre Parenteau - PK : Daniel Winnik
Extra Defensemen
Normal : Joey Ryan, Kevin Montgomery, Mike Weber - PP : Joey Ryan - PK : Kevin Montgomery, Mike Weber
Penalty Shots
Peter Regin, Samuel Pahlsson, Ivan Novoseltsev, Adam Hall, T.J. Oshie

Saguenéens

5 vs 5 Forward 
   Center                   Left Wing                Right Wing               Time % Phy DF OF 
 1 Darren Helm              Nikolai Kulemin          Brad Chartrand           40     1   1  3  
 2 Kyle Brodziak            Michal Grosek            Wayne Simmonds           30     1   1  3  
 3 Dean McAmmond            Dwight King              Lauri Tukonen            20     1   2  2  
 4 Nicolas Blanchard        Andrew Kozek             Guillaume Desbiens       10     1   2  2  

5 vs 5 Defense 
   Defense                  Defense                                           Time % Phy DF OF 
 1 Matt Niskanen            Mike Van Ryn                                      40     1   2  2  
 2 Andrew MacDonald         Henrik Tallinder                                  30     1   2  2  
 3 Dustin Kohn              Brendan Witt                                      20     1   2  2  
 4 Matt Niskanen            Brendan Witt                                      10     1   2  2  

PowerPlay Forward 
   Center                   Left Wing                Right Wing               Time % Phy DF OF 
 1 Darren Helm              Nikolai Kulemin          Brad Chartrand           60     1   2  2  
 2 Kyle Brodziak            Michal Grosek            Wayne Simmonds           40     1   2  2  

PowerPlay Defense
   Defense                  Defense                                           Time % Phy DF OF 
 1 Matt Niskanen            Mike Van Ryn                                      60     1   2  2  
 2 Henrik Tallinder         Andrew MacDonald                                  40     1   2  2  

Penalty Kill 4 Players Forward 
   Center                   Wing                     Time % Phy DF OF 
 1 Dean McAmmond            Nikolai Kulemin          60     1   2  2  
 2 Kyle Brodziak            Wayne Simmonds           40     1   2  2  

Penalty Kill 4 Players Defense
   Defense                  Defense                  Time % Phy DF OF 
 1 Brendan Witt             Matt Niskanen            60     1   2  2  
 2 Henrik Tallinder         Mike Van Ryn             40     1   2  2  

Penalty Kill - 3 Players Forward 
   Forward                                           Time % Phy DF OF 
 1 Michal Grosek                                     60     1   2  2  
 2 Dean McAmmond                                     40     1   2  2  

Penalty Kill - 3 Players Defense
   Defense                  Defense                  Time % Phy DF OF 
 1 Brendan Witt             Matt Niskanen            60     1   2  2  
 2 Henrik Tallinder         Mike Van Ryn             40     1   2  2  

4 vs 4 Forward 
   Center                   Wing                     Time % Phy DF OF 
 1 Darren Helm              Nikolai Kulemin          60     1   2  2  
 2 Kyle Brodziak            Wayne Simmonds           40     1   2  2  

4 vs 4 Defense
   Defense                  Defense                  Time % Phy DF OF 
 1 Brendan Witt             Mike Van Ryn             60     1   2  2  
 2 Henrik Tallinder         Matt Niskanen            40     1   2  2  

Last Minutes Offensive
   Center                   Left Wing                Right Wing               Defense                  Defense                  
   Darren Helm              Nikolai Kulemin          Brad Chartrand           Matt Niskanen            Mike Van Ryn             

Last Minutes Defensive
   Center                   Left Wing                Right Wing               Defense                  Defense                  
   Dean McAmmond            Nikolai Kulemin          Wayne Simmonds           Brendan Witt             Mike Van Ryn             

Goaltenders
Starting : Thomas Greiss            
Backup : James Reimer             

Extra Forwards
Normal : Wayne Simmonds, Darren Helm, Brad Chartrand - PP : Brad Chartrand, Dwight King - PK : Lauri Tukonen
Extra Defensemen
Normal : Andrew MacDonald, Dustin Kohn, Henrik Tallinder - PP : Dustin Kohn - PK : Dustin Kohn, Henrik Tallinder
Penalty Shots
Darren Helm, Nikolai Kulemin, Brad Chartrand, Michal Grosek, Kyle Brodziak

% Time on Ice - Thunder

Lines # - Real PCT - Wanted PCT - Time Play
Normal Forward
1 - 36% - 40% - 15:11
2 - 26% - 30% - 10:53
3 - 24% - 20% - 10:08
4 - 15% - 10% - 6:15
Normal Defense
1 - 43% - 40% - 18:18
2 - 32% - 30% - 13:31
3 - 23% - 20% - 9:43
4 - 2% - 10% - 0:55
PP Forward
1 - 55% - 60% - 5:35
2 - 45% - 40% - 4:33
PP Defense
1 - 60% - 60% - 6:04
2 - 40% - 40% - 4:04
PK Forward
1 - 70% - 60% - 3:27
2 - 30% - 40% - 1:27
PK Defense
1 - 66% - 60% - 3:13
2 - 34% - 40% - 1:41
PK3 Forward
1 - 0% - 60%
2 - 0% - 40%
PK3 Defense
1 - 0% - 60%
2 - 0% - 40%
44 Forward
1 - 82% - 60% - 2:04
2 - 18% - 40% - 0:27
44 Defense
1 - 65% - 60% - 1:38
2 - 35% - 40% - 0:53
Last Minute Offensive  - 0:00
Last Minute Defensive  - 0:00
Total
Forward - 60:00
Defense - 60:00

% Time on Ice - Saguenéens

Lines # - Real PCT - Wanted PCT - Time Play
Normal Forward
1 - 37% - 40% - 15:46
2 - 29% - 30% - 12:06
3 - 18% - 20% - 7:30
4 - 17% - 10% - 7:05
Normal Defense
1 - 44% - 40% - 18:37
2 - 32% - 30% - 13:31
3 - 19% - 20% - 8:02
4 - 5% - 10% - 2:17
PP Forward
1 - 57% - 60% - 2:47
2 - 43% - 40% - 2:07
PP Defense
1 - 78% - 60% - 3:48
2 - 22% - 40% - 1:06
PK Forward
1 - 66% - 60% - 6:42
2 - 34% - 40% - 3:26
PK Defense
1 - 54% - 60% - 5:28
2 - 46% - 40% - 4:40
PK3 Forward
1 - 65% - 60% - 1:09
2 - 35% - 40% - 0:37
PK3 Defense
1 - 77% - 60% - 1:22
2 - 23% - 40% - 0:24
44 Forward
1 - 100% - 60% - 0:45
2 - 0% - 40% - 0:00
44 Defense
1 - 93% - 60% - 0:42
2 - 7% - 40% - 0:03
Last Minute Offensive  - 0:00
Last Minute Defensive  - 0:00
Total
Forward - 60:00
Defense - 60:00

Play by Play

1st period


0:01 of 1st period - Peter Regin wins face-off versus Darren Helm in neutral zone.
0:04 of 1st period - Wrist shot by Ivan Novoseltsev.
0:04 of 1st period - Stopped by Thomas Greiss with a rebound.
0:23 of 1st period - Minor Penalty to Wayne Simmonds for Roughing.
0:24 of 1st period - Dean McAmmond wins face-off versus Peter Regin in Saguenéens zone.
0:58 of 1st period - Wrist shot by Samuel Pahlsson.
0:58 of 1st period - Stopped by Thomas Greiss without a rebound.
0:59 of 1st period - Peter Regin wins face-off versus Dean McAmmond in Saguenéens zone.
1:50 of 1st period - Ivan Novoseltsev is hit by Mike Van Ryn and loses puck.
2:23 of 1st period - Penalty to Wayne Simmonds is over, Wayne Simmonds is back on ice.
2:48 of 1st period - Andrew MacDonald is hit by Colton Gillies and loses puck.
3:09 of 1st period - Tom Pyatt is hit by Lauri Tukonen and loses puck.
3:14 of 1st period - Snap shot by Dean McAmmond.
3:14 of 1st period - Shot Blocked by Joey Ryan.
3:50 of 1st period - Henrik Tallinder is hit by Peter Regin.
4:30 of 1st period - Off-side.
4:31 of 1st period - Tom Pyatt wins face-off versus Kyle Brodziak in neutral zone.
4:38 of 1st period - Mike Weber is hit by Wayne Simmonds and loses puck.
4:40 of 1st period - Minor Penalty to Pat Dwyer for Hooking.
4:41 of 1st period - Peter Regin wins face-off versus Darren Helm in Thunder zone.
5:12 of 1st period - Slapshot by Kyle Brodziak.
5:12 of 1st period - Stopped by Adam Munro with a rebound.
6:04 of 1st period - Alexei Semenov is hit by Darren Helm and loses puck.
6:30 of 1st period - Snap shot by Brad Chartrand.
6:30 of 1st period - Shot Misses the Net.
6:32 of 1st period - Wrist shot by Nikolai Kulemin.
6:32 of 1st period - Shot Misses the Net.
6:34 of 1st period - Slapshot by Matt Niskanen.
6:34 of 1st period - Stopped by Adam Munro without a rebound.
6:35 of 1st period - Kyle Brodziak wins face-off versus Ivan Novoseltsev in Thunder zone.
6:40 of 1st period - Penalty to Pat Dwyer is over, Pat Dwyer is back on ice.
7:00 of 1st period - Slapshot by Adam Hall.
7:00 of 1st period - Shot Blocked by Dustin Kohn.
7:02 of 1st period - Slapshot by Derek Peltier.
7:02 of 1st period - Stopped by Thomas Greiss with a rebound.
7:04 of 1st period - Slapshot by Derek Peltier.
7:04 of 1st period - Shot Blocked by Wayne Simmonds.
7:08 of 1st period - Snap shot by Adam Hall.
7:08 of 1st period - Stopped by Thomas Greiss without a rebound.
7:09 of 1st period - Dean McAmmond wins face-off versus T.J. Oshie in Saguenéens zone.
7:44 of 1st period - Matt Niskanen is hit by Ivan Novoseltsev and loses puck.
8:01 of 1st period - Snap shot by Michal Grosek.
8:01 of 1st period - Shot Misses the Net.
8:06 of 1st period - Off-side.
8:07 of 1st period - Darren Helm wins face-off versus Peter Regin in neutral zone.
8:12 of 1st period - Slapshot by Nikolai Kulemin.
8:12 of 1st period - Stopped by Adam Munro with a rebound.
8:30 of 1st period - Michal Grosek is hit by Mike Weber and loses puck.
8:54 of 1st period - Alexei Semenov is hit by Dustin Kohn and loses puck.
9:13 of 1st period - Peter Regin is hit by Brendan Witt and loses puck.
9:42 of 1st period - Andrew MacDonald is hit by Tom Pyatt.
9:59 of 1st period - Snap shot by Henrik Tallinder.
9:59 of 1st period - Shot Misses the Net.
10:01 of 1st period - Slapshot by Kyle Brodziak.
10:01 of 1st period - Deflect By Samuel Pahlsson.
10:01 of 1st period - Stopped by Adam Munro with a rebound.
10:03 of 1st period - Snap shot by Wayne Simmonds.
10:03 of 1st period - Stopped by Adam Munro with a rebound.
10:07 of 1st period - Snap shot by Michal Grosek.
10:07 of 1st period - Shot Blocked by Adam Hall.
10:09 of 1st period - Slapshot by Kyle Brodziak.
10:09 of 1st period - Stopped by Adam Munro with a rebound.
10:25 of 1st period - Snap shot by T.J. Oshie.
10:25 of 1st period - Shot Misses the Net.
10:50 of 1st period - Off-side.
10:51 of 1st period - Adam Hall wins face-off versus Darren Helm in neutral zone.
10:55 of 1st period - Minor Penalty to Brad Chartrand for Hooking.
10:56 of 1st period - Dean McAmmond wins face-off versus Peter Regin in Saguenéens zone.
12:00 of 1st period - Icing by Derek Peltier.
12:01 of 1st period - Kyle Brodziak wins face-off versus Peter Regin in Thunder zone.
12:55 of 1st period - Penalty to Brad Chartrand is over, Brad Chartrand is back on ice.
12:55 of 1st period - Samuel Pahlsson is hit by Kyle Brodziak and loses puck.
13:08 of 1st period - Andrew Kozek is hit by T.J. Oshie and loses puck.
13:13 of 1st period - Wrist shot by Daniel Winnik.
13:13 of 1st period - Shot Misses the Net.
13:15 of 1st period - Snap shot by Joey Ryan.
13:15 of 1st period - Deflect By T.J. Oshie.
13:15 of 1st period - Shot Misses the Net.
13:15 of 1st period - Puck is out of play.
13:16 of 1st period - Peter Regin wins face-off versus Kyle Brodziak in Saguenéens zone.
14:22 of 1st period - Adam Hall is hit by Dean McAmmond and loses puck.
15:17 of 1st period - Andrew Kozek is hit by Pierre-Alexandre Parenteau and loses puck.
15:32 of 1st period - Icing by Dustin Kohn.
15:33 of 1st period - Darren Helm wins face-off versus Samuel Pahlsson in Saguenéens zone.
16:04 of 1st period - Slapshot by Ivan Novoseltsev.
16:04 of 1st period - Stopped by Thomas Greiss with a rebound.
16:08 of 1st period - Wrist shot by Peter Regin.
16:08 of 1st period - Stopped by Thomas Greiss with a rebound.
16:24 of 1st period - T.J. Oshie is hit by Mike Van Ryn and loses puck.
16:41 of 1st period - Pierre-Alexandre Parenteau is hit by Andrew MacDonald and loses puck.
16:56 of 1st period - Snap shot by Daniel Winnik.
16:56 of 1st period - Shot Blocked by Nicolas Blanchard.
17:02 of 1st period - Doug Janik is hit by Henrik Tallinder and loses puck.
17:17 of 1st period - Wrist shot by Guillaume Desbiens.
17:17 of 1st period - Shot Misses the Net.
17:19 of 1st period - Snap shot by Guillaume Desbiens.
17:19 of 1st period - Goal by Guillaume Desbiens - Thunder : 0 - Saguenéens : 1.
17:20 of 1st period - Darren Helm wins face-off versus Peter Regin in neutral zone.
17:23 of 1st period - Mike Weber is hit by Mike Van Ryn and loses puck.
18:19 of 1st period - Slapshot by Matt Niskanen.
18:19 of 1st period - Stopped by Adam Munro with a rebound.
18:21 of 1st period - Snap shot by Matt Niskanen.
18:21 of 1st period - Shot Blocked by Derek Peltier.
18:23 of 1st period - Wrist shot by Lauri Tukonen.
18:23 of 1st period - Stopped by Adam Munro without a rebound.
18:24 of 1st period - Dany Roussin wins face-off versus Darren Helm in Thunder zone.
18:24 of 1st period - Dany Roussin is hit by Nikolai Kulemin.
18:36 of 1st period - Snap shot by Brad Chartrand.
18:36 of 1st period - Shot Misses the Net.
18:38 of 1st period - Snap shot by Brad Chartrand.
18:38 of 1st period - Deflect By Nikolai Kulemin.
18:38 of 1st period - Stopped by Adam Munro with a rebound.
18:40 of 1st period - Wrist shot by Nikolai Kulemin.
18:40 of 1st period - Stopped by Adam Munro with a rebound.
18:47 of 1st period - Icing by Alexei Semenov.
18:48 of 1st period - Kyle Brodziak wins face-off versus Tom Pyatt in Thunder zone.
19:34 of 1st period - Nikolai Kulemin is hit by Pierre-Alexandre Parenteau and loses puck.
19:43 of 1st period - Mike Weber is hit by Brad Chartrand and loses puck.
19:50 of 1st period - Slapshot by Nikolai Kulemin.
19:50 of 1st period - Stopped by Adam Munro with a rebound.
19:52 of 1st period - Slapshot by Brendan Witt.
19:52 of 1st period - Shot Blocked by Mike Weber.
19:54 of 1st period - Snap shot by Brendan Witt.
19:54 of 1st period - Stopped by Adam Munro without a rebound.
19:55 of 1st period - Wayne Simmonds wins face-off versus Ivan Novoseltsev in Thunder zone.

2nd period


0:01 of 2nd period - Darren Helm wins face-off versus Peter Regin in neutral zone.
0:30 of 2nd period - Doug Janik is hit by Michal Grosek and loses puck.
0:51 of 2nd period - Slapshot by Mike Van Ryn.
0:51 of 2nd period - Shot Blocked by T.J. Oshie.
0:53 of 2nd period - Slapshot by Matt Niskanen.
0:53 of 2nd period - Stopped by Adam Munro without a rebound.
0:54 of 2nd period - T.J. Oshie wins face-off versus Darren Helm in Thunder zone.
0:54 of 2nd period - T.J. Oshie is hit by Nikolai Kulemin.
1:14 of 2nd period - Snap shot by Daniel Winnik.
1:14 of 2nd period - Shot Blocked by Brendan Witt.
1:23 of 2nd period - Minor Penalty to Pierre-Alexandre Parenteau for Hooking.
1:24 of 2nd period - Kyle Brodziak wins face-off versus Peter Regin in Thunder zone.
1:37 of 2nd period - Snap shot by Kyle Brodziak.
1:37 of 2nd period - Shot Blocked by Alexei Semenov.
2:42 of 2nd period - Wrist shot by Brad Chartrand.
2:42 of 2nd period - Goal by Brad Chartrand - Thunder : 0 - Saguenéens : 2.
2:43 of 2nd period - Darren Helm wins face-off versus Peter Regin in neutral zone.
3:37 of 2nd period - Wrist shot by Guillaume Desbiens.
3:37 of 2nd period - Shot Misses the Net.
3:46 of 2nd period - Icing by Derek Peltier.
3:47 of 2nd period - Kyle Brodziak wins face-off versus Tom Pyatt in Thunder zone.
3:55 of 2nd period - Snap shot by Darren Helm.
3:55 of 2nd period - Shot Misses the Net.
3:57 of 2nd period - Snap shot by Brad Chartrand.
3:57 of 2nd period - Stopped by Adam Munro without a rebound.
3:58 of 2nd period - Peter Regin wins face-off versus Darren Helm in Thunder zone.
4:20 of 2nd period - Icing by Nikolai Kulemin.
4:21 of 2nd period - Samuel Pahlsson wins face-off versus Kyle Brodziak in Saguenéens zone.
4:22 of 2nd period - Slapshot by Adam Hall.
4:22 of 2nd period - Shot Misses the Net.
5:07 of 2nd period - Off-side.
5:08 of 2nd period - Tom Pyatt wins face-off versus Dean McAmmond in neutral zone.
5:17 of 2nd period - Wrist shot by Alexei Semenov.
5:17 of 2nd period - Deflect By Pat Dwyer.
5:17 of 2nd period - Stopped by Thomas Greiss without a rebound.
5:18 of 2nd period - Peter Regin wins face-off versus Darren Helm in Saguenéens zone.
5:21 of 2nd period - Snap shot by Ivan Novoseltsev.
5:21 of 2nd period - Shot Misses the Net.
5:24 of 2nd period - Icing by Brad Chartrand.
5:25 of 2nd period - Peter Regin wins face-off versus Darren Helm in Saguenéens zone.
5:32 of 2nd period - Wrist shot by Ivan Novoseltsev.
5:32 of 2nd period - Stopped by Thomas Greiss without a rebound.
5:33 of 2nd period - Peter Regin wins face-off versus Darren Helm in Saguenéens zone.
6:00 of 2nd period - Adam Hall is hit by Kyle Brodziak and loses puck.
6:11 of 2nd period - Snap shot by Adam Hall.
6:11 of 2nd period - Shot Misses the Net.
6:23 of 2nd period - Snap shot by Dean McAmmond.
6:23 of 2nd period - Stopped by Adam Munro without a rebound.
6:24 of 2nd period - Dean McAmmond wins face-off versus T.J. Oshie in Thunder zone.
6:54 of 2nd period - Snap shot by Peter Regin.
6:54 of 2nd period - Stopped by Thomas Greiss with a rebound.
7:12 of 2nd period - Derek Peltier is hit by Kyle Brodziak and loses puck.
7:17 of 2nd period - Snap shot by Michal Grosek.
7:17 of 2nd period - Goal by Michal Grosek - Thunder : 0 - Saguenéens : 3.
7:18 of 2nd period - Darren Helm wins face-off versus Peter Regin in neutral zone.
7:40 of 2nd period - Icing by Darren Helm.
7:41 of 2nd period - Kyle Brodziak wins face-off versus Samuel Pahlsson in Saguenéens zone.
7:46 of 2nd period - Adam Hall is hit by Kyle Brodziak and loses puck.
7:55 of 2nd period - Snap shot by Adam Hall.
7:55 of 2nd period - Shot Blocked by Henrik Tallinder.
7:57 of 2nd period - Slapshot by Scott Parse.
7:57 of 2nd period - Shot Blocked by Andrew MacDonald.
8:19 of 2nd period - Henrik Tallinder is hit by Peter Regin.
8:35 of 2nd period - Slapshot by Henrik Tallinder.
8:35 of 2nd period - Shot Misses the Net.
8:37 of 2nd period - Snap shot by Dean McAmmond.
8:37 of 2nd period - Stopped by Adam Munro with a rebound.
8:39 of 2nd period - Slapshot by Henrik Tallinder.
8:39 of 2nd period - Shot Blocked by Doug Janik.
9:01 of 2nd period - Andrew Kozek is hit by Colton Gillies and loses puck.
9:03 of 2nd period - Minor Penalty to Nicolas Blanchard for Interference.
9:04 of 2nd period - Dean McAmmond wins face-off versus Dany Roussin in Saguenéens zone.
9:29 of 2nd period - Nikolai Kulemin is hit by Scott Parse.
9:37 of 2nd period - Snap shot by Adam Hall.
9:37 of 2nd period - Stopped by Thomas Greiss with a rebound.
10:57 of 2nd period - Adam Hall is hit by Kyle Brodziak and loses puck.
11:03 of 2nd period - Penalty to Nicolas Blanchard is over, Nicolas Blanchard is back on ice.
11:16 of 2nd period - Snap shot by Guillaume Desbiens.
11:16 of 2nd period - Shot Misses the Net.
11:18 of 2nd period - Slapshot by Brendan Witt.
11:18 of 2nd period - Deflect By Nicolas Blanchard.
11:18 of 2nd period - Stopped by Adam Munro with a rebound.
12:23 of 2nd period - Pierre-Alexandre Parenteau is hit by Mike Van Ryn and loses puck.
12:47 of 2nd period - Adam Hall is hit by Michal Grosek and loses puck.
12:54 of 2nd period - Derek Peltier is hit by Matt Niskanen and loses puck.
12:56 of 2nd period - Minor Penalty to Kyle Brodziak for High sticking.
12:57 of 2nd period - Peter Regin wins face-off versus Dean McAmmond in Saguenéens zone.
12:58 of 2nd period - Slapshot by Doug Janik.
12:58 of 2nd period - Shot Misses the Net.
13:00 of 2nd period - Wrist shot by Ivan Novoseltsev.
13:00 of 2nd period - Shot Misses the Net.
13:02 of 2nd period - Slapshot by Ivan Novoseltsev.
13:02 of 2nd period - Stopped by Thomas Greiss with a rebound.
13:04 of 2nd period - Backhand shot by Ivan Novoseltsev.
13:04 of 2nd period - Stopped by Thomas Greiss without a rebound.
13:05 of 2nd period - Dean McAmmond wins face-off versus Peter Regin in Saguenéens zone.
14:56 of 2nd period - Penalty to Kyle Brodziak is over, Kyle Brodziak is back on ice.
15:05 of 2nd period - Slapshot by Guillaume Desbiens.
15:05 of 2nd period - Shot Misses the Net.
15:07 of 2nd period - Wrist shot by Andrew Kozek.
15:07 of 2nd period - Stopped by Adam Munro with a rebound.
15:09 of 2nd period - Slapshot by Andrew MacDonald.
15:09 of 2nd period - Stopped by Adam Munro with a rebound.
17:27 of 2nd period - Off-side.
17:28 of 2nd period - Kyle Brodziak wins face-off versus T.J. Oshie in neutral zone.
17:58 of 2nd period - Dany Roussin is hit by Dean McAmmond and loses puck.
18:11 of 2nd period - Snap shot by Peter Regin.
18:11 of 2nd period - Goal by Peter Regin - Thunder : 1 - Saguenéens : 3.
18:12 of 2nd period - Darren Helm wins face-off versus Peter Regin in neutral zone.
18:37 of 2nd period - Adam Hall is hit by Michal Grosek.
18:40 of 2nd period - Mike Weber is hit by Kyle Brodziak.
18:58 of 2nd period - Lauri Tukonen is hit by Colton Gillies.
19:02 of 2nd period - Slapshot by Mike Van Ryn.
19:02 of 2nd period - Shot Blocked by Alexei Semenov.
19:04 of 2nd period - Snap shot by Dean McAmmond.
19:04 of 2nd period - Shot Blocked by Pat Dwyer.
19:20 of 2nd period - Andrew MacDonald is hit by Alexei Semenov and loses puck.
19:49 of 2nd period - Snap shot by Daniel Winnik.
19:49 of 2nd period - Stopped by Thomas Greiss with a rebound.

3rd period


0:01 of 3rd period - Peter Regin wins face-off versus Darren Helm in neutral zone.
0:23 of 3rd period - Minor Penalty to Scott Parse for Elbowing.
0:24 of 3rd period - Darren Helm wins face-off versus Samuel Pahlsson in Thunder zone.
0:27 of 3rd period - Wrist shot by Brad Chartrand.
0:27 of 3rd period - Shot Blocked by Doug Janik.
0:29 of 3rd period - Slapshot by Matt Niskanen.
0:29 of 3rd period - Stopped by Adam Munro without a rebound.
0:30 of 3rd period - Peter Regin wins face-off versus Darren Helm in Thunder zone.
0:30 of 3rd period - Peter Regin is hit by Nikolai Kulemin.
0:46 of 3rd period - Slapshot by Matt Niskanen.
0:46 of 3rd period - Stopped by Adam Munro with a rebound.
1:06 of 3rd period - Backhand shot by Kyle Brodziak.
1:06 of 3rd period - Shot Misses the Net.
1:20 of 3rd period - Slapshot by Matt Niskanen.
1:20 of 3rd period - Stopped by Adam Munro without a rebound.
1:21 of 3rd period - Ivan Novoseltsev wins face-off versus Darren Helm in Thunder zone.
1:21 of 3rd period - Ivan Novoseltsev is hit by Nikolai Kulemin.
1:31 of 3rd period - Slapshot by Henrik Tallinder.
1:31 of 3rd period - Stopped by Adam Munro with a rebound.
1:33 of 3rd period - Slapshot by Andrew MacDonald.
1:33 of 3rd period - Deflect By Brad Chartrand.
1:33 of 3rd period - Deflect By Doug Janik.
1:33 of 3rd period - Goal by Brad Chartrand - Thunder : 1 - Saguenéens : 4.
1:34 of 3rd period - Darren Helm wins face-off versus Ivan Novoseltsev in neutral zone.
1:37 of 3rd period - Snap shot by Matt Niskanen.
1:37 of 3rd period - Shot Misses the Net.
1:43 of 3rd period - Wrist shot by Peter Regin.
1:43 of 3rd period - Shot Misses the Net.
1:45 of 3rd period - Slapshot by Doug Janik.
1:45 of 3rd period - Shot Blocked by Mike Van Ryn.
1:47 of 3rd period - Wrist shot by Dany Roussin.
1:47 of 3rd period - Shot Misses the Net.
1:49 of 3rd period - Wrist shot by Ivan Novoseltsev.
1:49 of 3rd period - Stopped by Thomas Greiss without a rebound.
1:50 of 3rd period - Kyle Brodziak wins face-off versus Samuel Pahlsson in Saguenéens zone.
1:50 of 3rd period - Kyle Brodziak is hit by Scott Parse.
2:12 of 3rd period - Icing by Samuel Pahlsson.
2:13 of 3rd period - Samuel Pahlsson wins face-off versus Darren Helm in Thunder zone.
2:20 of 3rd period - Ivan Novoseltsev is hit by Nikolai Kulemin and loses puck.
2:25 of 3rd period - Snap shot by Brad Chartrand.
2:25 of 3rd period - Stopped by Adam Munro without a rebound.
2:26 of 3rd period - Darren Helm wins face-off versus Peter Regin in Thunder zone.
2:27 of 3rd period - Backhand shot by Brad Chartrand.
2:27 of 3rd period - Stopped by Adam Munro without a rebound.
2:28 of 3rd period - Peter Regin wins face-off versus Darren Helm in Thunder zone.
2:41 of 3rd period - Wrist shot by Peter Regin.
2:41 of 3rd period - Stopped by Thomas Greiss with a rebound.
2:43 of 3rd period - Slapshot by Mike Weber.
2:43 of 3rd period - Stopped by Thomas Greiss without a rebound.
2:44 of 3rd period - Samuel Pahlsson wins face-off versus Kyle Brodziak in Saguenéens zone.
2:49 of 3rd period - Wrist shot by Samuel Pahlsson.
2:49 of 3rd period - Goal by Samuel Pahlsson - Thunder : 2 - Saguenéens : 4.
2:50 of 3rd period - Peter Regin wins face-off versus Darren Helm in neutral zone.
3:20 of 3rd period - Snap shot by Mike Weber.
3:20 of 3rd period - Stopped by Thomas Greiss with a rebound.
3:22 of 3rd period - Slapshot by Derek Peltier.
3:22 of 3rd period - Shot Blocked by Matt Niskanen.
3:24 of 3rd period - Slapshot by Derek Peltier.
3:24 of 3rd period - Stopped by Thomas Greiss with a rebound.
3:26 of 3rd period - Snap shot by Derek Peltier.
3:26 of 3rd period - Shot Blocked by Matt Niskanen.
3:28 of 3rd period - Slapshot by Derek Peltier.
3:28 of 3rd period - Shot Misses the Net.
3:30 of 3rd period - Slapshot by Derek Peltier.
3:30 of 3rd period - Stopped by Thomas Greiss with a rebound.
3:50 of 3rd period - Wrist shot by T.J. Oshie.
3:50 of 3rd period - Deflect By Matt Niskanen.
3:50 of 3rd period - Stopped by Thomas Greiss with a rebound.
4:08 of 3rd period - Wrist shot by Guillaume Desbiens.
4:08 of 3rd period - Stopped by Adam Munro with a rebound.
4:44 of 3rd period - Andrew MacDonald is hit by Peter Regin and loses puck.
4:49 of 3rd period - Wrist shot by Peter Regin.
4:49 of 3rd period - Stopped by Thomas Greiss with a rebound.
4:51 of 3rd period - Wrist shot by Dany Roussin.
4:51 of 3rd period - Stopped by Thomas Greiss with a rebound.
5:30 of 3rd period - Kevin Montgomery is hit by Nikolai Kulemin and loses puck.
5:43 of 3rd period - Wrist shot by Peter Regin.
5:43 of 3rd period - Stopped by Thomas Greiss with a rebound.
5:45 of 3rd period - Slapshot by Joey Ryan.
5:45 of 3rd period - Deflect By Dany Roussin.
5:45 of 3rd period - Shot Misses the Net.
5:45 of 3rd period - Puck is out of play.
5:46 of 3rd period - Samuel Pahlsson wins face-off versus Kyle Brodziak in Saguenéens zone.
5:49 of 3rd period - Backhand shot by Samuel Pahlsson.
5:49 of 3rd period - Stopped by Thomas Greiss with a rebound.
5:51 of 3rd period - Slapshot by Alexei Semenov.
5:51 of 3rd period - Shot Misses the Net.
5:53 of 3rd period - Slapshot by Scott Parse.
5:53 of 3rd period - Shot Misses the Net.
5:55 of 3rd period - Wrist shot by Scott Parse.
5:55 of 3rd period - Stopped by Thomas Greiss without a rebound.
5:56 of 3rd period - Samuel Pahlsson wins face-off versus Michal Grosek in Saguenéens zone.
5:57 of 3rd period - Wrist shot by Adam Hall.
5:57 of 3rd period - Stopped by Thomas Greiss with a rebound.
5:59 of 3rd period - Slapshot by Doug Janik.
5:59 of 3rd period - Shot Misses the Net.
6:01 of 3rd period - Snap shot by Samuel Pahlsson.
6:01 of 3rd period - Shot Misses the Net.
6:18 of 3rd period - Off-side.
6:19 of 3rd period - T.J. Oshie wins face-off versus Dean McAmmond in neutral zone.
6:29 of 3rd period - Daniel Winnik is hit by Mike Van Ryn and loses puck.
6:49 of 3rd period - Slapshot by Doug Janik.
6:49 of 3rd period - Stopped by Thomas Greiss with a rebound.
7:10 of 3rd period - Andrew Kozek is hit by Adam Hall and loses puck.
7:15 of 3rd period - Snap shot by Samuel Pahlsson.
7:15 of 3rd period - Stopped by Thomas Greiss without a rebound.
7:16 of 3rd period - Brad Chartrand wins face-off versus Peter Regin in Saguenéens zone.
7:23 of 3rd period - Ivan Novoseltsev is hit by Brad Chartrand and loses puck.
8:09 of 3rd period - Wrist shot by Dean McAmmond.
8:09 of 3rd period - Stopped by Adam Munro without a rebound.
8:10 of 3rd period - Darren Helm wins face-off versus Tom Pyatt in Thunder zone.
8:11 of 3rd period - Snap shot by Brad Chartrand.
8:11 of 3rd period - Deflect By Mike Weber.
8:11 of 3rd period - Stopped by Adam Munro without a rebound.
8:12 of 3rd period - Darren Helm wins face-off versus Peter Regin in Thunder zone.
8:21 of 3rd period - Mike Van Ryn is hit by Dany Roussin and loses puck.
8:40 of 3rd period - Michal Grosek is hit by Mike Weber and loses puck.
9:03 of 3rd period - Wrist shot by Daniel Winnik.
9:03 of 3rd period - Shot Misses the Net.
9:05 of 3rd period - Wrist shot by Daniel Winnik.
9:05 of 3rd period - Shot Misses the Net.
9:07 of 3rd period - Slapshot by Derek Peltier.
9:07 of 3rd period - Stopped by Thomas Greiss without a rebound.
9:08 of 3rd period - Darren Helm wins face-off versus T.J. Oshie in Saguenéens zone.
9:08 of 3rd period - Darren Helm is hit by Alexei Semenov.
10:07 of 3rd period - Snap shot by Adam Hall.
10:07 of 3rd period - Deflect By Scott Parse.
10:07 of 3rd period - Shot Misses the Net.
10:07 of 3rd period - Puck is out of play.
10:08 of 3rd period - Darren Helm wins face-off versus Peter Regin in Saguenéens zone.
10:08 of 3rd period - Darren Helm is hit by Ivan Novoseltsev.
10:34 of 3rd period - Mike Van Ryn is hit by Derek Peltier and loses puck.
10:36 of 3rd period - Minor Penalty to Kyle Brodziak for Hooking.
10:37 of 3rd period - Peter Regin wins face-off versus Dean McAmmond in Saguenéens zone.
11:11 of 3rd period - Matt Niskanen is hit by Scott Parse.
12:28 of 3rd period - Darren Helm is hit by Pierre-Alexandre Parenteau.
12:36 of 3rd period - Penalty to Kyle Brodziak is over, Kyle Brodziak is back on ice.
13:01 of 3rd period - Minor Penalty to Andrew MacDonald for Roughing.
13:02 of 3rd period - Peter Regin wins face-off versus Dean McAmmond in Saguenéens zone.
13:14 of 3rd period - Minor Penalty to Dean McAmmond for High sticking.
13:14 of 3rd period - Minor Penalty to Ivan Novoseltsev for Tripping.
13:15 of 3rd period - Samuel Pahlsson wins face-off versus Michal Grosek in Saguenéens zone.
13:24 of 3rd period - Wrist shot by Samuel Pahlsson.
13:24 of 3rd period - Shot Misses the Net.
15:01 of 3rd period - Penalty to Andrew MacDonald is over, Andrew MacDonald is back on ice.
15:14 of 3rd period - Penalty to Dean McAmmond is over, Dean McAmmond is back on ice.
15:14 of 3rd period - Penalty to Ivan Novoseltsev is over, Ivan Novoseltsev is back on ice.
15:58 of 3rd period - Wrist shot by Ivan Novoseltsev.
15:58 of 3rd period - Stopped by Thomas Greiss with a rebound.
16:04 of 3rd period - Ivan Novoseltsev is hit by Dean McAmmond and loses puck.
16:09 of 3rd period - Snap shot by Dean McAmmond.
16:09 of 3rd period - Shot Misses the Net.
16:11 of 3rd period - Snap shot by Dean McAmmond.
16:11 of 3rd period - Goal by Dean McAmmond - Thunder : 2 - Saguenéens : 5.
16:12 of 3rd period - Samuel Pahlsson wins face-off versus Michal Grosek in neutral zone.
16:14 of 3rd period - Off-side.
16:15 of 3rd period - Kyle Brodziak wins face-off versus Samuel Pahlsson in neutral zone.
16:18 of 3rd period - Slapshot by Matt Niskanen.
16:18 of 3rd period - Shot Blocked by Mike Weber.
16:44 of 3rd period - Mike Weber is hit by Dwight King and loses puck.
17:05 of 3rd period - Wrist shot by Tom Pyatt.
17:05 of 3rd period - Stopped by Thomas Greiss with a rebound.
17:07 of 3rd period - Slapshot by Kevin Montgomery.
17:07 of 3rd period - Stopped by Thomas Greiss without a rebound.
17:08 of 3rd period - Samuel Pahlsson wins face-off versus Kyle Brodziak in Saguenéens zone.
17:15 of 3rd period - Slapshot by Alexei Semenov.
17:15 of 3rd period - Stopped by Thomas Greiss without a rebound.
17:16 of 3rd period - Kyle Brodziak wins face-off versus Samuel Pahlsson in Saguenéens zone.
17:29 of 3rd period - Slapshot by Samuel Pahlsson.
17:29 of 3rd period - Shot Misses the Net.
17:47 of 3rd period - Doug Janik is hit by Darren Helm.
18:22 of 3rd period - Snap shot by Guillaume Desbiens.
18:22 of 3rd period - Stopped by Adam Munro with a rebound.
18:24 of 3rd period - Snap shot by Andrew Kozek.
18:24 of 3rd period - Shot Misses the Net.
18:30 of 3rd period - Snap shot by Henrik Tallinder.
18:30 of 3rd period - Shot Misses the Net.
18:34 of 3rd period - Wrist shot by Guillaume Desbiens.
18:34 of 3rd period - Stopped by Adam Munro without a rebound.
18:35 of 3rd period - Darren Helm wins face-off versus Peter Regin in Thunder zone.
19:01 of 3rd period - Minor Penalty to Alexei Semenov for Hooking.
19:02 of 3rd period - Darren Helm wins face-off versus Peter Regin in Thunder zone.
19:07 of 3rd period - Wrist shot by Matt Niskanen.
19:07 of 3rd period - Shot Misses the Net.
19:09 of 3rd period - Slapshot by Mike Van Ryn.
19:09 of 3rd period - Deflect By Brad Chartrand.
19:09 of 3rd period - Shot Blocked by Kevin Montgomery.
19:09 of 3rd period - Puck is out of play.
19:10 of 3rd period - Peter Regin wins face-off versus Darren Helm in Thunder zone.
19:27 of 3rd period - Minor Penalty to Matt Niskanen for Roughing.
19:28 of 3rd period - Darren Helm wins face-off versus Peter Regin in Saguenéens zone.


Output by the SimonT Hockey Simulator (STHS) for François Prévost -- Original Page W3C XHTML 1.0 Valid
Hockey Simulator - Hockey Simulation - Hockey Manager